 Dungeon Crawl Stone Soup version 0.19-a0-1049-g462a813 (webtiles) character file.

98 Jmtri7 the Charlatan (level 5, -1/37 HPs)
             Began as a Formicid Artificer on July 31, 2016.
             Killed from afar by a deep elf mage (38 damage)
             ... with a shard of ice
             ... on level 15 of the Dungeon.
             The game lasted 00:09:18 (1094 turns).

Jmtri7 the Charlatan (Formicid Artificer)           Turns: 1094, Time: 00:09:19

Health: -1/37      AC:  3    Str: 16    XL:     5   Next: 1%
Magic:  9/9        EV: 12    Int: 11    God:
Gold:   43         SH:  0    Dex: 12    Spells: 0 memorised, 4 levels left

rFire  . . .     SeeInvis +     a - +0 short sword
rCold  . . .     Gourm    .     b - +0 leather armour
rNeg   . . .     Faith    .     (no shield)
rPois  .         Spirit   .     (helmet unavailable)
rElec  .         Dismiss  .     (no cloak)
rCorr  .         Reflect  .     (no gloves)
SustAt .         Harm     .     (no boots)
MR     .....                    (no amulet)
Stlth  +.........               (no ring)
                                c - ring of flight

@: not resistant to hostile enchantments, very unstealthy
A: permanent stasis, dig shafts and tunnels, four strong arms, antennae 3
a: Dig, Shaft Self, Evoke Flight


You were on level 15 of the Dungeon.
You were not hungry.

You visited 1 branch of the dungeon, and saw 10 of its levels.

You collected 43 gold pieces.

Inventory:

Hand Weapons
 a - a +0 short sword (weapon)
Armour
 b - a +0 leather armour (worn)
Jewellery
 c - a ring of flight (left hand)
Wands
 d - a wand of enslavement (0/24)
 e - a wand of random effects (13/48)
 f - a wand of flame (6/48)
Comestibles
 g - a beef jerky


   Skills:
 - Level 1.1 Fighting
 - Level 1.0 Short Blades
 - Level 1.7 Dodging
 - Level 1.2 Stealth
 + Level 5.8 Evocations


You had 4 spell levels left.
You didn't know any spells.

Dungeon Overview and Level Annotations

Branches:
Dungeon (15/15)
 Temple: D:4-7         Lair: D:8-11         Orc: D:9-12      Vaults: D:13-14
 Depths: D:15

Altars:

Annotations:
D:12 4 runed doors


Innate Abilities, Weirdness & Mutations

You are under a permanent stasis effect.
You can dig through walls and to a lower floor.
Your four strong arms can wield two-handed weapons with a shield.
You have a pair of large antennae on your head. (SInv)


Message History

The puff of flame hits the manticore.
The manticore is moderately wounded.
This wand has 8 charges left.
The manticore disappears!
The deep elf mage shouts!
Zapping:
f - a wand of flame (8/48)
Press: ? - help, Shift-Dir - straight line, f - deep elf mage
Aim: a deep elf mage, wielding a rapier The puff of flame hits the deep elf mage.
The deep elf mage is lightly wounded.
This wand has 7 charges left.
Zapping:
f - a wand of flame (7/48)
Press: ? - help, Shift-Dir - straight line, f/p - deep elf mage
Aim: a deep elf mage, wielding a rapier (lightly wounded)
The puff of flame hits the deep elf mage.
The deep elf mage is moderately wounded.
This wand has 6 charges left.
The deep elf mage casts a spell at you. The shard of ice hits you!
Ouch! That really hurt!
You die...

.......# .......#
#######...# ........
..........# .......
{..........#
....#######e.......#
....#.....#.......!#
....#.....#........#
###.#...).#........#
..#.#.... #.....@..#
..#.#..####........#
..#.#'##.....#######
..#..........#
###..........#
.............#
.............#
........######
........#


You could see a deep elf mage.

Vanquished Creatures
  A worker ant (D:14)
1 creature vanquished.

Vanquished Creatures (collateral kills)
  A shadow (D:12)
1 creature vanquished.

Vanquished Creatures (others)
  A centaur zombie (D:15)
1 creature vanquished.

Grand Total: 3 creatures vanquished

Notes
Turn   | Place    | Note
-------+----------+-------------------------------------------
     0 | D:1      | Jmtri7 the Formicid Artificer began the quest for the Orb.
     0 | D:1      | Reached XP level 1. HP: 15/15 MP: 3/3
     3 | D:1      | You fall through a shaft!
    23 | D:2      | You fall through a shaft for 2 floors!
    26 | D:4      | You fall through a shaft!
    26 | D:5      | Entered Level 5 of the Dungeon
    26 | D:5      | Noticed a quasit
    42 | D:5      | You fall through a shaft!
    42 | D:6      | Noticed a phantom
    45 | D:6      | You fall through a shaft for 3 floors!
   348 | D:9      | You fall through a shaft for 3 floors!
   348 | D:12     | Found a huge runed gate.
   348 | D:12     | Noticed a steam dragon
   350 | D:12     | Found a huge runed gate.
   351 | D:12     | Found a huge runed gate.
   351 | D:12     | Noticed a griffon
   351 | D:12     | Noticed a phantom
   352 | D:12     | Found a huge runed gate.
   352 | D:12     | Noticed a black bear
   352 | D:12     | Noticed a polar bear
   352 | D:12     | Noticed a sheep
   352 | D:12     | Noticed a black bear
   352 | D:12     | Noticed a black bear
   352 | D:12     | Noticed a sheep
   352 | D:12     | Noticed a shadow
   353 | D:12     | Noticed a polar bear
   356 | D:12     | Noticed a yak
   356 | D:12     | Noticed a black bear
   356 | D:12     | Noticed a hippogriff
   356 | D:12     | Noticed a black bear
   357 | D:12     | Noticed a griffon
   357 | D:12     | Noticed a black bear
   357 | D:12     | Noticed a black bear
   357 | D:12     | Noticed a polar bear
   358 | D:12     | Noticed a hound
   363 | D:12     | Killed a shadow
   363 | D:12     | Reached skill level 5 in Evocations
   363 | D:12     | Reached XP level 2. HP: 21/21 MP: 3/5
   363 | D:12     | Reached XP level 3. HP: 26/26 MP: 4/7
   363 | D:12     | Reached XP level 4. HP: 32/32 MP: 4/8
   383 | D:12     | You fall through a shaft!
   388 | D:13     | Noticed an unseen horror
   402 | D:13     | Noticed a centaur
   407 | D:13     | You fall through a shaft for 2 floors!
   407 | D:15     | Entered Level 15 of the Dungeon
   577 | D:15     | Noticed a centaur zombie
   597 | D:15     | Noticed a deep elf mage
   602 | D:15     | Noticed a deep elf mage
   628 | D:14     | Reached XP level 5. HP: 10/37 MP: 9/9
   878 | D:14     | Noticed a komodo dragon
   892 | D:14     | Noticed a centaur warrior
   897 | D:14     | You fall through a shaft!
  1083 | D:15     | Noticed a manticore
  1094 | D:15     | Killed from afar by a deep elf mage

Vault maps used:
D:1:      dpeg_arrival_oval
D:2:      amethyst_killhole, kennysheep_another_room
D:4:      first_bread, serial_shops, shop, hangedman_decor_clover_reticule
D:5:      johnstein_pakellas_death_squad, uniq_blork_the_orc, uniq_eustachio
D:6:      nicolae_overflow_hidden_temple, minmay_misc_feat_tiny,
          nemelex_xobeh_ov_fountains_minmay
D:9:      hangedman_cross_veins
D:12:     lemuel_bear_cage, orc_0_dummy, enter_bailey_2, hangedman_fish_farm
D:13:     enter_trove_5, minivault_25_ag, worms_lemuel, uniq_josephine,
          uniq_urug
D:14:     lightli_vaults_fourway_checkpoint, serial_bayou_shore_b
D:15:     grunt_enter_depths_magical_seal, serial_shops, nicolae_shop_trees

Skill      XL: |  1 |
---------------+----+-----
Evocations     | 5 |  5.8
Fighting       | |  1.1
Short Blades   | |  1.0
Dodging        | |  1.7
Stealth        | |  1.2

Action                   |  1- 3 |  4- 6 || total
-------------------------+-------+-------++-------
 Abil: Shaft Self        |     6 |     3 ||     9
Evoke: Wand              |     3 |    23 ||    26
  Use: Scroll            |     2 |     3 ||     5
       Potion            |       |     2 ||     2
  Eat: Bread ration      |       |     1 ||     1
Armor: Leather armour    |     3 |     1 ||     4
Dodge: Dodged            |     3 |    10 ||    13
